cohdb
Replays
Latest Replays
All Replays
Popular Replays
Top Player Replays
Match Explorer
How It Works
Community
CoH3 Stats
Reddit
Sign in to upload your games and track your stats! →
Sign in with Steam
Match 42644934
Unlisted
Match 42644934
Overview
Messages
Build Orders
End
Selects Italian Infantry
Panzerpioneer Squad
Panzergrenadier Squad
Panzergrenadier Squad
Construct Light Support Kompanie
2.5-tonne Medical Truck
Fire Support Elements
Assault Mechanized Group
Selects Guastatori Squad
Guastatori Squad
2.5-tonne Medical Truck
Pak 38 Anti-tank Gun Team
Pak 38 Mechanized Group
Selects Registered Artillery
Selects Towed Cannone da 105/28 Field Howitzer
Towed Cannone da 105/28 Field Howitzer
Selects Defensive Operations
Selects Territory Booby Traps
Towed Cannone da 105/28 Field Howitzer
Guastatori Squad
Construct Panzerarmee Kommand
Registered Artillery
Selects Obice 305mm Barrage
Selects Obice 305mm Barrage
Panzer III L Medium Tank
Panzer III L Medium Tank
Vehicle Survival Package
Tungsten Core Ammunition
Pak 38 Mechanized Group
DeathMiz
yarang
LW | MUERTE
Pinhead Larry
Onoyk
T-800SEP
0
0
Comments
sign in to comment!
No comments posted yet!